Map: Orbital Shipyard

Players

Bowman - Winner!

  • Race: Protoss Protoss
  • League: Grandmaster

Epic

  • Race: Terran Terran
  • League: Grandmaster

VOD

Have the link to the VOD?

Description

Time

  • Played on: Feb. 3, 2016, 11:23 a.m.
  • Length: 13:10
Show
View Real Time Build Order
Export as new Build Order

Bowman Protoss - Winner!

Build Orders: 1 Gate Expand, Blink Stalkers 

Get SALT Encoding   

  12  0:02  Probe (Chrono Boost)  
  13  0:13  Probe (Chrono Boost)  
  14  0:17  Pylon  
  14  0:23  Probe (Chrono Boost)  
  16  0:35  Probe (Chrono Boost)  
  16  0:39  Gateway  
  16  0:42  Assimilator  
  16  0:46  Probe (Chrono Boost)  
  17  0:57  Probe (Chrono Boost)  
  18  1:08  Probe (Chrono Boost)  
  20  1:18  Probe (Chrono Boost)  
  20  1:24  Nexus  
  20  1:33  Cybernetics Core  
  20  1:36  Probe (Chrono Boost)  
  21  1:41  Assimilator  
  22  1:49  Pylon  
  22  1:51  Probe (Chrono Boost)  
  22  2:02  Probe (Chrono Boost)  
  23  2:12  Probe (Chrono Boost)  
  24  2:17  Warp Gate  
  24  2:22  Adept  
  26  2:23  Probe (Chrono Boost)  
  26  2:28  Twilight Council  
  27  2:33  Probe (Chrono Boost)  
  28  2:37  Probe (Chrono Boost)  
  30  2:44  Probe (Chrono Boost)  
  30  2:48  Probe (Chrono Boost)  
  31  2:54  Probe (Chrono Boost)  
  33  2:58  Probe (Chrono Boost)  
  33  2:59  Robotics Facility  
  33  3:01  Assimilator  
  33  3:05  Probe (Chrono Boost)  
  34  3:07  Blink  
  34  3:09  Probe (Chrono Boost)  
  35  3:15  Probe (Chrono Boost)  
  35  3:19  Pylon  
  36  3:21  Probe (Chrono Boost)  
  36  3:26  Probe (Chrono Boost)  
  38  3:32  Probe (Chrono Boost)  
  39  3:35  Gateway x2  
  39  3:37  Probe (Chrono Boost)  
  40  3:41  Assimilator  
  40  3:42  Probe (Chrono Boost)  
  40  3:47  Observer, Probe (Chrono Boost)  
  43  3:53  Mothership Core (Chrono Boost)  
  45  3:56  Pylon  
  45  3:59  Probe (Chrono Boost)  
  46  4:09  Probe (Chrono Boost)  
  47  4:14  Probe (Chrono Boost)  
  48  4:20  Probe (Chrono Boost)  
  48  4:23  Gateway x2  
  49  4:25  Probe (Chrono Boost)  
  49  4:26  Robotics Bay  
  49  4:29  Warp Prism  
  52  4:32  Forge  
  52  4:36  Probe x2 (Chrono Boost)  
  54  4:45  Pylon  
  54  4:47  Sentry x2  
  54  4:50  Pylon  
  58  4:54  Probe (Chrono Boost)  
  58  4:55  Probe (Chrono Boost)  
  60  5:05  Nexus  
  60  5:10  Protoss Ground Weapons Level 1  
  60  5:11  Resonating Glaives (Chrono Boost)  
  60  5:12  Disruptor  
  63  5:30  Probe (Chrono Boost)  
  63  5:31  Stalker x2  
  63  5:32  Stalker  
  63  5:34  Pylon  
  70  5:44  Adept x2  
  74  5:50  Disruptor  
  74  5:55  Pylon  
  77  5:58  Pylon  
  77  5:59  Adept x2  
  77  6:00  Adept  
  77  6:02  Probe  
  84  6:11  Probe  
  85  6:12  Assimilator  
  85  6:14  Probe  
  85  6:16  Extended Thermal Lance  
  85  6:17  Assimilator  
  86  6:35  Colossus  
  84  6:45  Stalker x4  
  84  6:46  Probe x2  
  96  6:51  Probe  
  97  6:57  Gateway  
  97  6:58  Probe x2, Gateway  
  99  7:02  Probe  
  99  7:07  Protoss Ground Weapons Level 2 (Chrono Boost)  
  100  7:10  Stalker, Probe x2  
  100  7:11  Adept, Stalker  
  108  7:20  Pylon  
  108  7:21  Pylon  
  108  7:29  Adept x2  
  106  7:46  Adept x2  
  106  7:47  Adept  
  106  7:48  Colossus  
  110  7:51  Adept  
  110  7:52  Adept  
  114  8:03  Stalker  
  114  8:04  Stalker  
  96  8:27  Stalker x5  
  96  8:30  Probe x2  
  108  8:37  Pylon  
  108  8:39  Pylon x2  
  108  8:41  Pylon  
  108  8:45  Robotics Facility  
  108  8:47  Stargate  
  108  8:50  Warp Prism  
  110  9:01  Adept x7  
  124  9:05  Nexus  
  124  9:06  Pylon  
  124  9:08  Protoss Air Weapons Level 1  
  124  9:12  Protoss Ground Weapons Level 3 (Chrono Boost)  
  110  9:38  Colossus  
  100  9:44  Probe  
  100  9:45  Colossus, Probe  
  106  9:46  Phoenix  
  106  9:51  Adept x7  
  122  9:55  Photon Cannon  
  122  9:59  Photon Cannon  
  122  10:02  Assimilator  
  122  10:04  Templar Archives  
  122  10:09  Probe  
  123  10:18  Probe x2  
  123  10:19  Probe  
  123  10:20  Assimilator  
  126  10:22  Adept x7  
  140  10:32  Colossus  
  140  10:33  Probe x2  
  140  10:34  Probe x2  
  144  10:39  Colossus  
  144  10:41  Phoenix  
  158  10:46  Probe x2  
  160  10:57  Adept x5  
  156  11:00  Dark Shrine  
  144  11:18  Colossus  
  144  11:19  Phoenix  
  144  11:23  High Templar x3, Stargate  
  144  11:24  High Templar, Adept x2  
  158  11:28  Archon  
  158  11:29  Archon  
  158  11:30  Pylon  
  158  11:31  Pylon  
  164  11:33  Pylon x2  
  164  11:40  Pylon  
  164  11:47  Warp Prism  
  164  11:50  Phoenix  
  168  12:03  High Templar x2  
  168  12:06  Nexus  
  168  12:08  Pylon  
  172  12:09  Phoenix  
  172  12:12  Adept x4  
  172  12:13  Archon, Adept  
  184  12:16  Phoenix  
  156  12:34  Phoenix  
  154  12:37  Adept x2  
  154  12:38  Adept x3  
  154  12:41  Phoenix  
Show
View Real Time Build Order
Export as new Build Order

Epic Terran 

Build Orders: MMM Bio 

Get SALT Encoding   

  12  0:00  SCV  
  13  0:12  SCV  
  14  0:17  Supply Depot  
  14  0:24  SCV  
  15  0:38  SCV  
  15  0:40  Barracks  
  16  0:44  Refinery  
  16  0:50  SCV  
  17  1:03  SCV  
  18  1:15  SCV  
  19  1:27  Orbital Command  
  19  1:29  Barracks Reactor  
  19  1:40  Command Center  
  19  1:50  Supply Depot  
  19  1:53  SCV  
  20  2:05  Marine x2  
  20  2:06  SCV  
  23  2:15  Factory  
  23  2:18  SCV  
  24  2:23  Marine x2  
  26  2:30  SCV  
  26  2:31  Barracks  
  27  2:40  Barracks  
  27  2:42  Marine  
  28  2:45  Marine  
  28  2:48  SCV  
  30  2:56  Orbital Command  
  30  2:59  Factory Tech Lab  
  30  3:01  SCV  
  31  3:05  Marine  
  31  3:06  Marine  
  31  3:11  Refinery  
  33  3:16  SCV  
  34  3:20  Cyclone  
  34  3:22  Barracks Tech Lab  
  34  3:25  SCV  
  38  3:28  Marine  
  38  3:30  SCV  
  40  3:36  Marine x2  
  40  3:38  SCV  
  40  3:41  Supply Depot  
  43  3:51  SCV x2  
  43  3:52  Stimpack  
  45  3:57  Marine  
  45  4:02  Marine  
  49  4:03  Marauder  
  49  4:04  Supply Depot  
  49  4:05  Widow Mine  
  49  4:07  Marauder, SCV  
  54  4:21  SCV  
  54  4:22  Combat Shields  
  54  4:25  Marine x2, SCV  
  54  4:28  Supply Depot  
  54  4:30  Marauder x2  
  61  4:33  SCV  
  62  4:41  Supply Depot  
  62  4:46  Supply Depot  
  62  4:49  Marine x2  
  62  4:50  SCV x2  
  66  4:53  Starport  
  66  4:58  Factory Reactor  
  66  5:02  SCV x2  
  66  5:03  Marauder, Supply Depot  
  70  5:07  Marauder  
  70  5:10  Engineering Bay  
  70  5:12  Marine  
  70  5:13  Marine  
  75  5:14  SCV x2  
  75  5:19  Refinery  
  76  5:26  SCV x2  
  78  5:29  Supply Depot  
  78  5:32  Command Center  
  78  5:39  Medivac  
  80  5:44  Medivac  
  80  5:45  SCV  
  80  5:46  SCV  
  80  5:48  Marine x2  
  86  5:53  Marauder x2, Supply Depot  
  90  5:58  SCV x2  
  90  6:00  Refinery  
  90  6:02  Supply Depot  
  92  6:05  Terran Infantry Weapons Level 1  
  92  6:14  SCV x2  
  92  6:17  Marine x2, Marauder x2  
  99  6:34  SCV x2  
  99  6:35  Marine x2  
  99  6:39  Marauder x2  
  106  6:49  Orbital Command, SCV x2  
  108  7:00  Medivac  
  110  7:05  Barracks  
  110  7:06  Barracks, Medivac  
  112  7:09  Marine x2, Marauder  
  112  7:12  SCV  
  112  7:13  Orbital Command, Supply Depot  
  112  7:14  Marauder  
  119  7:17  SCV  
  119  7:18  Factory Reactor  
  120  7:22  Concussive Shells  
  120  7:23  Supply Depot  
  120  7:24  SCV  
  120  7:29  SCV  
  122  7:34  Marine x2, Marauder  
  122  7:35  Marauder  
  107  7:51  Marine  
  107  7:52  Marine  
  107  7:55  Marauder  
  107  7:56  Marauder  
  100  8:09  Marine x2  
  78  8:14  SCV x2  
  78  8:16  Liberator  
  78  8:17  Marauder  
  78  8:18  Marauder  
  79  8:20  Barracks Reactor, Barracks Tech Lab  
  79  8:21  Liberator, SCV  
  79  8:24  Terran Infantry Armor Level 1  
  79  8:26  SCV x2  
  74  8:27  Marine x2  
  79  8:38  Marauder  
  79  8:39  SCV x3  
  87  8:43  Refinery  
  87  8:44  Marauder x2  
  87  8:45  Marine x2  
  93  8:49  Widow Mine x2, Supply Depot, Barracks  
  93  8:50  Barracks  
  97  8:55  Missile Turret, Marine  
  97  8:56  Marine  
  97  8:59  Liberator  
  97  9:00  Marauder  
  97  9:01  SCV x2  
  97  9:02  SCV  
  103  9:03  Marine x2  
  103  9:05  Marauder  
  107  9:12  Supply Depot  
  112  9:17  Marine x2, Marauder  
  112  9:20  Marine  
  112  9:21  Marauder  
  112  9:25  Marine  
  112  9:27  Marauder  
  101  9:38  Marauder  
  101  9:41  SCV x3  
  101  9:42  Marauder  
  101  9:44  Marine x4  
  101  9:45  Marine  
  103  9:47  Marine  
  103  9:48  Marine, Medivac  
  105  9:56  SCV x2  
  105  9:57  SCV  
  105  9:59  Marine, Medivac  
  111  10:02  Marine x2, Starport  
  113  10:07  Armory  
  113  10:08  Marine x4  
  113  10:10  SCV x2  
  113  10:12  SCV  
  120  10:18  Medivac  
  122  10:23  Engineering Bay  
  122  10:25  Factory Tech Lab  
  122  10:26  SCV  
  122  10:27  Liberator x2, SCV x2  
  125  10:29  Medivac  
  125  10:31  Refinery  
  127  10:39  Fusion Core  
  127  10:49  Marine x3, Marauder x3  
  140  10:50  Marine x2  
  140  10:53  Liberator  
  140  10:54  SCV  
  140  10:55  SCV x2  
  142  11:07  SCV x3  
  145  11:12  Marine  
  145  11:13  Marine x3  
  148  11:19  SCV  
  149  11:26  Supply Depot  
  149  11:28  Supply Depot  
  149  11:31  Refinery  
  149  11:35  Liberator  
  149  11:50  Command Center  
  152  11:56  Marine  
  153  12:02  Marine x4  
  157  12:10  Viking  
  159  12:18  Marauder x2, Supply Depot  
  159  12:21  Supply Depot  
  159  12:22  Marine, Marauder  
  160  12:23  Marine  
  104  12:34  Viking  
  87  12:38  Viking  
  87  12:39  Marauder  
  87  12:40  Marauder  
  87  12:43  Marauder  
Tags
 
Add a new tag
Caveats
  • Supply blocks, unpowered buildings, or Contaminate may cause inaccurate times.
  • Supply counts are checked every 10 seconds.